cohdb
Replays
Latest Replays
All Replays
Popular Replays
Top Player Replays
Match Explorer
How It Works
Community
CoH3 Stats
Reddit
Sign in to upload your games and track your stats! →
Sign in with Steam
Match 43774457
Unlisted
Match 43774457
Overview
Messages
Build Orders
End
Construct Infanterie Kompanie
Pioneer Squad
Grenadier Squad
MG 42 Machine Gun Team
Selects Breakthrough Battlegroup
Selects Assault Grenadiers
Grenadier Squad
Construct Panzergrenadier Kompanie
Support Elements
Nebelwerfer 42 Rocket Launcher Team
Selects Rapid Production
Medical Bunker
Pak 40 Anti-tank Gun Team
insane
JoSemSem
The MidgetCrusader69
CHOcho
Gordon Birdman
BUBBA_ACTUAL
JollyRedRockett
guren
0
0
Comments
sign in to comment!
No comments posted yet!